 Dungeon Crawl Stone Soup version 0.30-a0-4-ga7cffc901d (webtiles) character file.

Game seed: 8303713218928504161

47 Setbun the Sneak (level 3, 0/20 HPs)
             Began as a Kobold Enchanter on Aug 20, 2022.
             Killed from afar by a dart slug (5 damage)
             ... with a slug dart
             ... on level 2 of the Dungeon.
             The game lasted 00:01:28 (2195 turns).

Setbun the Sneak (Kobold Enchanter)                 Turns: 2195, Time: 00:01:28

Health: 0/20       AC:  2    Str:  5    XL:     3   Next: 97%
Magic:  6/6        EV: 15    Int: 16    God:
Gold:   141        SH:  0    Dex: 17    Spells: 6/6 levels left

rFire   . . .      SeeInvis .    n - +0 short sword (drain)
rCold   . . .      Faith    .    (no shield)
rNeg    . . .      Spirit   .    b - +0 robe
rPois   .          Reflect  .    (no helmet)
rElec   .          Harm     .    (no cloak)
rCorr   .          Rampage  .    (no gloves)
Will    .....                    (no boots)
Stlth   ++++......               (no amulet)
HPRegen 0.06/turn                (no ring)
MPRegen 0.10/turn                (no ring)

@: no status effects
A: small, no large weapons, nightstalker 3
a: no special abilities


You were on level 2 of the Dungeon.
You visited 1 branch of the dungeon, and saw 2 of its levels.

You collected 141 gold pieces.

Inventory:

Hand Weapons
 a - a +1 dagger
 n - a +0 short sword of draining (weapon)
Armour
 b - a +0 robe (worn)
Jewellery
 h - a ring of fire
Scrolls
 e - a scroll of butterflies {unknown}
 f - a scroll of identify {unknown}
 g - a scroll of immolation {unknown}
 i - a scroll of noise {unknown}
 k - a scroll of torment {unknown}
Potions
 c - 3 potions of invisibility
 d - 2 potions of flight {unknown}
 j - 2 potions of curing {unknown}
 l - 2 potions of haste {unknown}
 m - a potion of heal wounds {unknown}


   Skills:
 + Level 1.3 Fighting
 + Level 2.4 Short Blades
 + Level 3.0 Dodging
 * Level 5.0 Stealth
 - Level 2.1 Spellcasting
 - Level 3.0 Hexes


You had 6 spell levels left.
You didn't know any spells.
Your spell library contained the following spells:

 Spells                   Type           Power      Damage    Failure   Level
 Ensorcelled Hibernation  Hex/Ice        12%        N/A       17%         2
 Confusing Touch          Hex            11%        N/A       19%         3
 Tukima's Dance           Hex            11%        N/A       19%         3
 Dazzling Flash           Conj/Hex       12%        N/A       32%         3
 Portal Projectile        Hex/Tloc       12%        N/A       32%         3
 Call Canine Familiar     Summ           1%         N/A       52%         3
 Leda's Liquefaction      Hex/Erth       3%         N/A       73%         4
 Blade Hands              Tmut           0%         N/A       99%         5


Dungeon Overview and Level Annotations

Branches:
Dungeon (2/15)

Altars:
Kikubaaqudgha


Innate Abilities, Weirdness & Mutations

You are small and have problems with some larger weapons.
You are completely attuned to the shadows.


Message History

You are frozen.
You are too injured to fight recklessly!
You are too injured to fight recklessly!
You are too injured to fight recklessly!
You are too injured to fight recklessly!
You are too injured to fight recklessly!
You are too injured to fight recklessly!
You are too injured to fight recklessly!
You are too injured to fight recklessly!
You are too injured to fight recklessly!
You are too injured to fight recklessly!
You are too injured to fight recklessly!
You are too injured to fight recklessly!
You are too injured to fight recklessly!
You are too injured to fight recklessly!
You are too injured to fight recklessly!
You are too injured to fight recklessly!
You are too injured to fight recklessly!
You are too injured to fight recklessly!
The endoplasm freezes you.
You are frozen.
The bat hits you.
* * * LOW HITPOINT WARNING * * *
The endoplasm freezes you.
You are frozen.
* * * LOW HITPOINT WARNING * * *
You hit the endoplasm.
You kill the endoplasm!
The bat hits you but does no damage. The bat hits you but does no damage.
The bat hits you.
* * * LOW HITPOINT WARNING * * *
The bat barely misses you. The dart slug launches a dart at you.
The slug dart misses you.
You hit the bat.
You kill the bat!
The dart slug launches a dart at you. The slug dart hits you.
You die...

.....
...####
#..# #
###..# #
.......#
#....####
.......#
#.......#
.......#
#....##..
.w.....#
#....##..
.....@.###
#.....#..
.........#
#...#.#..
.........#
#...#.#..
......(..#
#...#.##.
.........#
#...#....
..#.....##
#####
#.....#
...#####
#......#
#.......
#......#
#.......


You could see a dart slug.

Vanquished Creatures
  3 ball pythons (D:1)
  5 endoplasms
  2 giant cockroaches
  7 hobgoblins
  4 jackals (D:2)
  2 quokkas (D:1)
  4 bats
  2 frilled lizards
  5 goblins
  4 kobolds
  3 rats (D:1)
41 creatures vanquished.

Vanquished Creatures (others)
  2 demonic plants (D:2)
2 creatures vanquished.

Grand Total: 43 creatures vanquished

Notes
Turn   | Place    | Note
-------+----------+-------------------------------------------
     0 | D:1      | Setbun the Kobold Enchanter began the quest for the Orb.
     0 | D:1      | Reached XP level 1. HP: 10/10 MP: 3/3
   296 | D:1      | Reached XP level 2. HP: 16/16 MP: 5/5
  1018 | D:1      | Reached skill level 1 in Fighting
  1018 | D:1      | Reached XP level 3. HP: 20/20 MP: 6/6
  1521 | D:2      | Found an ancient bone altar of Kikubaaqudgha.
  1891 | D:2      | Reached skill level 5 in Stealth
  2195 | D:2      | Killed from afar by a dart slug

Illustrated notes

Levels and vault maps discovered:
D:1:      erik_arrival_blinker_ship, layout_loops_ring, st_stairs_4,
          corexii_corridor_pit, wander_ebering_terrifying_dragon_lair
D:2:      layout_basic, dreamdust_ecumenical_altar_sealed_demon, basic_altar

Skill      XL: |  1  2  3 |
---------------+----------+-----
Short Blades   | 2 |  2.4
Fighting       | 1 |  1.3
Dodging        | 3 |  3.0
Stealth        | 5 |  5.0
Spellcasting   | |  2.1
Hexes          | |  3.0

Action                   || total
-------------------------++-------
Melee: Dagger            ||   111
       Punch             ||     1
       Short sword       ||    12
 Stab: Sleeping          ||    22
Armor: Robe              ||    16
Dodge: Dodged            ||    85

Table legend: (Time is in decaauts)
 A = Elapsed time spent in this place.
 B = Non-inter-level travel time spent in this place.
 C = Inter-level travel time spent in this place.
 D = Time resting spent in this place.
 E = Time spent auto-exploring this place.
 F = Levels seen in this place.
 G = Mean time per level.
                   A        B        C        D        E       F      G
               +--------+--------+--------+--------+--------+-----+--------+
         Total |   2181 |   2134 |     47 |    627 |   1247 |   2 | 1090.5 |
       Dungeon |   2181 |   2134 |     47 |    627 |   1247 |   2 | 1090.5 |
               +--------+--------+--------+--------+--------+-----+--------+

Top non-repeatable levels by time:
     D:1: 1466 daAuts
     D:2: 715 daAuts
